 Dungeon Crawl Stone Soup version 0.31-a0-1098-g6898e6545c (webtiles) character file.

Game seed: 12503208590131745462

3399 gruber the Skirmisher (level 9, -2/61 HPs)
             Began as a Minotaur Hunter on Nov 30, 2023.
             Was a Follower of Hepliaklqana.
             Killed by divine providence
             ... invoked by Jeremiah
              (13 damage)
             ... on level 8 of the Dungeon.
             The game lasted 00:07:13 (6037 turns).

gruber the Skirmisher (Minotaur Hunter)             Turns: 6037, Time: 00:07:13

Health: -2/61      AC:  7    Str: 17    XL:     9   Next: 75%
Magic:  8/8        EV: 17    Int:  6    God:    Hepliaklqana [*.....]
Gold:   511        SH:  0    Dex: 17    Spells: 8/8 levels left

rFire   + . .        C - +0 orcbow
rCold   . . .        (shield currently unavailable)
rNeg    . . .        c - +0 leather armour
rPois   .            (helmet restricted)
rElec   .            (no cloak)
rCorr   .            i - +2 pair of gloves
SInv    .            n - +0 pair of boots
Will    .....        (no amulet)
Stlth   ++           p - +4 ring of slaying
HPRegen 0.30/turn    e - ring of protection from fire
MPRegen 0.11/turn

%: no passive effects
@: no status effects
A: reduced essence, horns 2, retaliatory headbutt
a: Renounce Religion, Recall Ancestor, Ancestor Identity


You were on level 8 of the Dungeon.
You worshipped Hepliaklqana.
Hepliaklqana was aware of your devotion.
You visited 2 branches of the dungeon, and saw 9 of its levels.

You collected 511 gold pieces.

Inventory:

Hand Weapons
 C - a +0 orcbow (weapon)
Armour
 c - a +0 leather armour (worn)
 i - a +2 pair of gloves (worn)
 n - a +0 pair of boots (worn)
Jewellery
 d - a ring of resist corrosion
 e - a ring of protection from fire (right hand)
 p - a +4 ring of slaying (left hand)
 x - a ring of flight
Wands
 A - a wand of paralysis (13)
 B - a wand of digging (6)
 D - a wand of iceblast (13)
Scrolls
 b - a scroll of butterflies
 f - 5 scrolls of identify {unknown}
 g - 4 scrolls of teleportation {unknown}
 j - a scroll of brand weapon {unknown}
 l - 2 scrolls of fear {unknown}
 q - 3 scrolls of fog {unknown}
 t - a scroll of poison {unknown}
 u - 2 scrolls of immolation {unknown}
 w - 2 scrolls of enchant armour {unknown}
 y - a scroll of revelation {unknown}
 E - a scroll of vulnerability {unknown}
Potions
 a - a potion of cancellation {unknown}
 h - a potion of brilliance {unknown}
 k - 2 potions of heal wounds {unknown}
 m - 4 potions of berserk rage {unknown}
 o - a potion of invisibility {unknown}
 r - 4 potions of mutation {unknown}
 s - a potion of degeneration {unknown}
 v - 2 potions of haste {unknown}
 z - a potion of curing {unknown}


   Skills:
 - Level 2.4 Fighting
 - Level 13.0 Ranged Weapons
 * Level 9.2 Dodging
 - Level 0.7 Stealth


You had 8 spell levels left.
You didn't know any spells.
Your spell library contained the following spells:

 Spells                   Type           Power      Damage    Failure   Level
 Foxfire                  Conj/Fire      0%         2x1d4     52%         1
 Slow                     Hex            0%         N/A       52%         1
 Lesser Beckoning         Tloc           0%         N/A       67%         2
 Confusing Touch          Hex            0%         N/A       88%         3
 Frozen Ramparts          Ice            0%         1d1       88%         3
 Gell's Gravitas          Tloc           0%         N/A       88%         3
 Sigil of Binding         Hex            0%         N/A       88%         3
 Teleport Other           Tloc           0%         N/A       88%         3
 Vampiric Draining        Necr           0%         2d6       88%         3
 Volatile Blastmotes      Fire/Tloc      0%         2d10      88%         3
 Fulminant Prism          Conj/Hex       0%         3d5       99%         4
 Iskenderun's Mystic Bla  Conj/Tloc      0%         2d3       99%         4
 Petrify                  Tmut/Erth      0%         N/A       99%         4
 Metabolic Englaciation   Hex/Ice        0%         N/A       100%        5
 Plasma Beam              Fire/Air       0%         2x1d10    100%        6
 Starburst                Conj/Fire      0%         6d3       100%        6


Dungeon Overview and Level Annotations

Branches:
Dungeon (8/15)             Temple (1/1) D:5
   Lair: D:8-11

Altars:
Ashenzari
Cheibriados
Dithmenos
Fedhas
Gozag
Hepliaklqana
Kikubaaqudgha
Makhleb
Nemelex Xobeh
Okawaru
Qazlal
Ru
Sif Muna
Trog
Uskayaw
Vehumet
Wu Jian
Xom
Yredelemnul
Zin
The Shining One

Shops:
D:8 !

Annotations:
D:8 Jeremiah


Innate Abilities, Weirdness & Mutations

Your life essence is reduced to manifest your ancestor. (-10% HP)
You have a pair of horns on your head.
You reflexively headbutt those who attack you in melee.


Message History

Unknown command.
Fire: C) +0 orcbow
Press: ? - help, Q - select action, (/) - cycle Shift-Dir - straight line, f/p - Jeremiah
Aim: Jeremiah, wielding a +3 vampiric trident, wearing a +0 robe and wearing an orb of guile (almost dead, 60% to hit)
You shoot an arrow. The arrow closely misses the butterfly.
The arrow barely misses Jeremiah.
The butterfly disappears in a burst of colours!
Unknown command.
Fire: C) +0 orcbow
Press: ? - help, Q - select action, (/) - cycle Shift-Dir - straight line, f/p - Jeremiah
Aim: Jeremiah, wielding a +3 vampiric trident, wearing a +0 robe and wearing an orb of guile (almost dead, 60% to hit)
You shoot an arrow. The arrow hits the butterfly.
You kill the butterfly!
The butterfly disappears in a burst of colours!
Unknown command.
Fire: C) +0 orcbow
Press: ? - help, Q - select action, (/) - cycle Shift-Dir - straight line, f/p - Jeremiah
Aim: Jeremiah, wielding a +3 vampiric trident, wearing a +0 robe and wearing an orb of guile (almost dead, 60% to hit)
You shoot an arrow. The arrow barely misses the butterfly.
The arrow barely misses Jeremiah.
Unknown command.
Fire: C) +0 orcbow
Press: ? - help, Q - select action, (/) - cycle Shift-Dir - straight line, f/p - Jeremiah
Aim: Jeremiah, wielding a +3 vampiric trident, wearing a +0 robe and wearing an orb of guile (almost dead, 60% to hit)
You shoot an arrow. The arrow misses the butterfly.
The arrow barely misses Jeremiah.
The butterfly disappears in a burst of colours! x2
Jeremiah shouts, "O dreadful one, destroy my foe!"
Something smites you!
* * * LOW HITPOINT WARNING * * *
Fire: C) +0 orcbow
Press: ? - help, Q - select action, (/) - cycle Shift-Dir - straight line, f/p - Jeremiah
Aim: Jeremiah, wielding a +3 vampiric trident, wearing a +0 robe and wearing an orb of guile (almost dead, 60% to hit)
You shoot an arrow. The arrow misses the butterfly.
The arrow hits Jeremiah but does no damage.
Jeremiah is almost dead.
Jeremiah lets out a twisted cry.
Something smites you!
You die...
Jeremiah asks, "What happened?
Did... did you die?"

... #.. #.# #.. ..#
#####.# ##..#
#@.##.# ##...#
##..#.#
#....#.F..')...#
##....#.K..'b...##
##.....#...##b.bb.#
#..)<..##+##...bFb#
##..)#..# #.b..b##
##.)[###.# #....b##
##....# .#
#...#..###


You could see Jeremiah.

Vanquished Creatures
  Sigmund (D:5)
  4 vampire mosquitoes
  A black bear (D:6)
  An ice beast (D:5)
  4 ogres
  A centaur (D:7)
  A phantom (D:5)
  A kobold brigand (D:8)
  5 scorpions
  2 bullfrogs
  13 wights
  A howler monkey (D:5)
  A jelly (D:7)
  3 hounds (D:5)
  An orc priest (D:7)
  A sleepcap (D:7)
  A gnoll bouda (D:7)
  An orc wizard (D:8)
  4 iguanas
  Robin (D:2)
  3 adders
  7 gnolls
  2 river rats (D:6)
  A worm (D:2)
  2 dart slugs
  9 orcs
  2 bats
  3 endoplasms
  5 giant cockroaches
  17 goblins
  9 hobgoblins
  4 jackals (D:4)
  3 quokkas (D:1)
  2 ball pythons (D:1)
  5 frilled lizards
  4 kobolds
  8 rats
134 creatures vanquished.

Vanquished Creatures (collateral kills)
  2 water moccasins
  A wight (D:8)
  An iguana (D:7)
  2 orcs
6 creatures vanquished.

Vanquished Creatures (others)
  2 ancestors (D:8)
2 creatures vanquished.

Grand Total: 142 creatures vanquished

Notes
Turn   | Place    | Note
-------+----------+-------------------------------------------
     0 | D:1      | gruber the Minotaur Hunter began the quest for the Orb.
     0 | D:1      | Reached XP level 1. HP: 18/18 MP: 0/0
    91 | D:1      | Reached XP level 2. HP: 25/25 MP: 1/1
   104 | D:1      | Reached skill level 5 in Ranged Weapons
   373 | D:1      | Reached XP level 3. HP: 29/30 MP: 2/2
   771 | D:2      | Identified the -1 helmet of Lies {Str+2}
   771 | D:2      | Noticed Robin
   774 | D:2      | Killed Robin
   775 | D:2      | Reached skill level 6 in Ranged Weapons
   896 | D:2      | Reached XP level 4. HP: 26/37 MP: 3/3
  1868 | D:3      | Found a radiant altar of Vehumet.
  2627 | D:4      | Noticed an ogre
  2634 | D:4      | Killed an ogre
  2635 | D:4      | Reached skill level 7 in Ranged Weapons
  2635 | D:4      | Reached XP level 5. HP: 42/42 MP: 4/4
  2823 | D:4      | Reached skill level 8 in Ranged Weapons
  2985 | D:5      | Entered Level 5 of the Dungeon
  2992 | D:5      | Reached XP level 6. HP: 49/50 MP: 5/5
  2999 | D:5      | Noticed Sigmund
  3169 | D:5      | Found a staircase to the Ecumenical Temple.
  3228 | Temple   | Entered the Ecumenical Temple
  3254 | Temple   | Became a worshipper of Hepliaklqana the Forgotten
  3300 | D:5      | Killed Sigmund
  3301 | D:5      | Reached skill level 9 in Ranged Weapons
  3301 | D:5      | Reached XP level 7. HP: 56/56 MP: 6/6
  3362 | D:5      | Reached skill level 10 in Ranged Weapons
  3690 | D:6      | Reached skill level 11 in Ranged Weapons
  3690 | D:6      | Reached XP level 8. HP: 62/62 MP: 7/7
  4120 | D:6      | Reached skill level 12 in Ranged Weapons
  4136 | D:6      | Reached * piety under Hepliaklqana
  4460 | D:6      | Reached skill level 13 in Ranged Weapons
  4700 | D:7      | Reached XP level 9. HP: 61/61 MP: 8/8
  4886 | D:7      | Reached skill level 5 in Dodging
  5941 | D:8      | Found Bemehi Paazo's Distillery.
  5995 | D:8      | Noticed Jeremiah
  6037 | D:8      | Killed from afar by Jeremiah

Illustrated notes

Levels and vault maps discovered:
D:1:      scummos_arrival_hexagon, layout_loops_ring
D:2:      layout_basic, palyth_stone_intersect, uniq_robin
D:3:      layout_basic, mainiacjoe_overflow_alcove_2, serial_bayou_lagoon_b
D:4:      layout_gridville
D:5:      layout_cave_pools, minmay_temple_entry_junction_2, uniq_sigmund
D:6:      wad_woods_settlement, layout_basic
D:7:      layout_basic
D:8:      layout_cave_pods, nicolae_ossuary_entry_false_entrances, serial_shops,
          nicolae_shop_just_a_little_nook, blue_anna_alchemist,
          minmay_misc_feat_tower, uniq_jeremiah
Temple:   mainiacjoe_temple_cubbyholes

Skill      XL: |  1  2  3  4  5  6  7  8  9 |
---------------+----------------------------+-----
Ranged Weapons | 5 6 7 8 9 11 13 | 13.0
Dodging        | 4 9 |  9.2
Fighting       | |  2.4
Stealth        | |  0.7

Action                     |  1- 3 |  4- 6 |  7- 9 || total
---------------------------+-------+-------+-------++-------
   Fire: Shortbow          |   126 |   104 |   227 ||   457
         Orcbow            |       |       |    80 ||    80
 Armour: Leather armour    |    43 |    21 |    59 ||   123
  Dodge: Dodged            |    46 |    15 |    61 ||   122

Table legend: (Time is in decaauts)
 A = Elapsed time spent in this place.
 B = Non-inter-level travel time spent in this place.
 C = Inter-level travel time spent in this place.
 D = Time resting spent in this place.
 E = Time spent auto-exploring this place.
 F = Levels seen in this place.
 G = Mean time per level.
                   A        B        C        D        E       F      G
               +--------+--------+--------+--------+--------+-----+--------+
         Total |   6036 |   5591 |    445 |     43 |   4667 |   9 |  670.7 |
       Dungeon |   5985 |   5590 |    395 |     43 |   4667 |   8 |  748.1 |
        Temple |     50 |      1 |     49 |      0 |      0 |   1 |   50.0 |
               +--------+--------+--------+--------+--------+-----+--------+

Top non-repeatable levels by time:
     D:7: 964 daAuts
     D:6: 919 daAuts
     D:4: 877 daAuts
     D:2: 858 daAuts
     D:1: 739 daAuts
     D:3: 575 daAuts
     D:5: 574 daAuts
     D:8: 476 daAuts
  Temple: 50 daAuts
